Map: Romanticide LE

Players

cure

  • Race: Terran Terran

Reynor - Winner!

  • Race: Zerg Zerg

Event: ASUS ROG Fall 2021

VOD

Have the link to the VOD?

Description

Time

  • Played on: Sept. 18, 2021, 6:24 a.m.
  • Length: 15:06

All games in this series

Show
View Real Time Build Order
Export as new Build Order

cure Terran 

Build Orders: Mech 

Get SALT Encoding   

  12  0:00  SCV  
  13  0:12  SCV  
  14  0:17  Supply Depot  
  14  0:24  SCV  
  15  0:38  SCV  
  15  0:40  Barracks  
  16  0:42  Refinery  
  16  0:50  SCV  
  17  1:03  SCV  
  18  1:15  SCV  
  19  1:27  Orbital Command, Marine  
  20  1:39  Command Center  
  20  1:51  Factory  
  20  1:55  SCV  
  21  2:01  Barracks Reactor  
  21  2:07  SCV, Refinery  
  22  2:12  Supply Depot  
  22  2:19  SCV  
  23  2:34  SCV  
  23  2:36  Starport  
  24  2:41  Hellion x2  
  28  2:46  SCV  
  28  2:48  Marine  
  30  2:55  Orbital Command  
  30  2:58  SCV  
  30  3:07  Widow Mine x2  
  30  3:09  Marine  
  35  3:13  Medivac  
  35  3:16  SCV  
  38  3:21  SCV  
  38  3:25  Supply Depot  
  39  3:31  Armory  
  39  3:33  SCV x2  
  41  3:37  Widow Mine  
  41  3:40  Widow Mine  
  45  3:47  SCV x2  
  47  3:49  Supply Depot  
  47  3:52  Marine  
  48  3:59  SCV  
  48  4:00  SCV  
  50  4:11  Factory Tech Lab  
  50  4:12  SCV x2  
  50  4:14  Command Center  
  52  4:17  Supply Depot  
  52  4:24  SCV x2  
  54  4:29  Factory  
  54  4:40  SCV x2  
  54  4:41  Drilling Claws  
  54  4:42  Widow Mine  
  56  4:52  Refinery, SCV x2  
  53  4:57  Refinery  
  51  5:00  Barracks Reactor  
  51  5:01  Medivac  
  51  5:03  Hellion  
  51  5:04  SCV x2  
  55  5:14  Factory  
  55  5:16  SCV x2  
  55  5:19  Widow Mine x2  
  61  5:24  Terran Vehicle And Ship Armor Level 1  
  61  5:26  Hellion  
  61  5:28  SCV x2  
  65  5:33  Supply Depot  
  65  5:35  Orbital Command  
  65  5:40  Widow Mine x2, SCV x2  
  71  5:47  Medivac  
  71  5:48  Widow Mine  
  75  5:50  Medivac  
  75  5:52  SCV x2  
  75  5:57  Supply Depot  
  79  5:59  Engineering Bay, Factory Tech Lab  
  83  6:06  SCV x2  
  83  6:08  Widow Mine x2  
  83  6:09  Widow Mine  
  87  6:15  Factory  
  87  6:18  SCV x2  
  89  6:19  Supply Depot, Hellion  
  89  6:21  Supply Depot  
  89  6:24  Orbital Command  
  91  6:26  Factory  
  91  6:30  SCV x2  
  89  6:37  Siege Tank, Hellion x2  
  96  6:42  SCV x2  
  96  6:43  Missile Turret  
  96  6:46  Missile Turret, Siege Tank  
  101  6:49  Refinery  
  101  6:50  SCV  
  101  6:51  Refinery  
  101  6:52  Missile Turret  
  102  6:54  Missile Turret, SCV x2  
  104  7:02  SCV  
  104  7:06  SCV x2  
  107  7:12  Siege Tank, Hellion x2  
  107  7:15  Factory Tech Lab, SCV  
  115  7:16  Factory Reactor  
  115  7:17  Hellion x4  
  115  7:18  SCV  
  115  7:19  SCV  
  115  7:26  Widow Mine  
  117  7:33  Supply Depot  
  117  7:34  Supply Depot  
  117  7:35  Command Center  
  117  7:36  Supply Depot  
  117  7:37  Infernal Pre-Igniter  
  117  7:45  Widow Mine, SCV x2  
  117  7:50  Medivac, SCV  
  116  7:55  Medivac, Hellion, Siege Tank x2  
  116  7:56  Hellion  
  116  7:57  SCV x2  
  116  7:58  Hellion x2  
  132  8:11  Terran Vehicle Weapons Level 1  
  130  8:13  Armory  
  130  8:15  Hellion  
  130  8:16  Hellion  
  134  8:21  SCV x2  
  134  8:22  SCV  
  134  8:23  Factory x2  
  134  8:26  Factory  
  135  8:30  Siege Tank, Hellion  
  140  8:35  Supply Depot  
  140  8:38  Supply Depot  
  140  8:47  Hellion x2, Viking  
  149  8:53  SCV x2  
  149  8:54  SCV  
  152  9:05  Terran Vehicle And Ship Armor Level 2, Sensor Tower  
  152  9:08  Siege Tank  
  152  9:13  Planetary Fortress  
  152  9:15  Factory Tech Lab  
  152  9:16  Factory Tech Lab  
  152  9:20  Refinery  
  152  9:22  Hellion x4  
  152  9:23  Sensor Tower  
  158  9:25  Refinery  
  154  9:43  Siege Tank x3  
  154  9:44  Factory Reactor  
  161  9:47  Hellion x2  
  161  9:52  Hellion  
  153  9:53  Siege Tank, Hellion  
  153  9:54  Hellion  
  153  9:58  Command Center  
  158  10:01  SCV x2  
  158  10:02  SCV x2  
  158  10:04  Command Center  
  162  10:14  Terran Vehicle Weapons Level 2  
  162  10:15  Supply Depot x2  
  162  10:19  Widow Mine x2, Hellion  
  171  10:30  Hellion  
  171  10:31  Hellion x5  
  170  10:38  Hellion  
  170  10:39  Factory Tech Lab  
  181  10:43  Thor x2  
  181  10:46  Supply Depot  
  181  10:47  Thor  
  181  10:48  Supply Depot  
  186  10:52  Thor  
  186  10:53  Smart Servos  
  178  11:09  Thor  
  178  11:10  Hellion x2  
  188  11:21  Hellion x3  
  194  11:26  Siege Tank, Terran Vehicle And Ship Armor Level 3  
  194  11:27  Supply Depot  
  194  11:28  Orbital Command, Supply Depot  
  194  11:30  Siege Tank  
  196  11:49  Hellion x2  
  196  11:53  Hellion  
  200  11:58  Hellion, Siege Tank  
  200  11:59  Siege Tank  
  194  12:04  Siege Tank  
  194  12:05  Siege Tank, Hellion  
  194  12:08  Planetary Fortress  
  192  12:10  Hellion x2  
  192  12:11  Hellion  
  200  12:15  Hellion  
  200  12:26  Refinery  
  200  12:29  Refinery  
  198  12:32  Siege Tank, Hellion  
  198  12:35  Siege Tank x2, Hellion x2  
  194  12:39  Siege Tank  
  194  12:40  Siege Tank, Hellion x2  
  164  12:52  Hellion  
  164  12:54  Hellion  
  156  13:02  Hellion x2  
  156  13:04  Siege Tank  
  159  13:07  Siege Tank x2  
  159  13:11  Thor  
  159  13:12  Siege Tank  
  163  13:14  Hellion  
  163  13:19  SCV x4  
  167  13:20  SCV  
  167  13:22  Command Center  
  167  13:26  Hellion x2  
  155  13:31  Hellion x2  
  156  13:35  Viking  
  156  13:36  Siege Tank, Viking  
  156  13:39  Thor, Siege Tank  
  164  13:44  Siege Tank, Hellion x2  
  158  13:54  Siege Tank  
  142  13:58  Hellion x2  
  142  13:59  Hellion  
  142  14:02  Hellion  
  129  14:08  Siege Tank  
  118  14:11  Siege Tank  
  118  14:15  Hellion  
  118  14:16  Siege Tank  
  121  14:31  Hellion x2  
  121  14:36  Hellion  
  124  14:41  Hellion x2  
  124  14:42  Hellion  
  124  14:43  Hellion x2  
Show
View Real Time Build Order
Export as new Build Order

Reynor Zerg - Winner!

Build Orders: Hatch First 

Get SALT Encoding   

  12  0:00  Drone  
  13  0:12  Overlord  
  13  0:17  Drone  
  14  0:30  Drone x2  
  16  0:48  Hatchery  
  15  0:51  Drone  
  15  0:54  Drone  
  17  0:57  Drone  
  18  1:08  Extractor  
  17  1:13  Spawning Pool  
  17  1:16  Drone  
  17  1:19  Drone  
  18  1:27  Drone  
  19  1:38  Drone  
  20  1:49  Overlord  
  20  2:00  Zergling x4, Queen x2  
  26  2:11  Drone x2  
  28  2:21  Drone  
  29  2:23  Drone  
  29  2:27  Hatchery  
  29  2:31  Metabolic Boost  
  29  2:34  Drone  
  30  2:38  Drone  
  30  2:44  Queen  
  31  2:48  Overlord  
  33  2:52  Drone  
  33  2:54  Drone  
  33  2:56  Drone  
  35  3:08  Zergling x4  
  35  3:09  Queen  
  39  3:13  Overlord  
  39  3:15  Drone x2  
  39  3:17  Zergling x2  
  42  3:23  Zergling x2  
  43  3:27  Overlord  
  43  3:33  Drone, Queen  
  46  3:41  Drone x2  
  46  3:43  Overlord  
  46  3:45  Queen  
  46  3:48  Drone  
  51  3:51  Drone x2  
  53  3:55  Baneling Nest  
  53  4:00  Drone  
  53  4:02  Drone  
  53  4:03  Drone, Spore Crawler  
  53  4:04  Spore Crawler  
  53  4:07  Zergling x6  
  55  4:11  Zergling x4  
  57  4:17  Overlord  
  57  4:18  Drone x2  
  57  4:21  Drone x2  
  57  4:23  Drone  
  62  4:24  Drone  
  62  4:26  Drone  
  62  4:29  Overlord  
  64  4:33  Spore Crawler  
  64  4:34  Drone  
  64  4:37  Drone x2  
  66  4:41  Drone  
  66  4:43  Extractor  
  66  4:51  Overlord  
  66  4:52  Drone x4  
  69  4:58  Lair  
  70  5:00  Drone  
  70  5:02  Drone x2  
  70  5:05  Drone x2  
  74  5:13  Drone x4  
  78  5:14  Drone  
  78  5:15  Drone x2  
  81  5:26  Drone x3  
  81  5:27  Extractor x2  
  82  5:29  Overlord  
  82  5:35  Drone, Hatchery  
  83  5:36  Queen  
  83  5:39  Drone  
  83  5:41  Evolution Chamber  
  84  5:43  Evolution Chamber  
  84  5:45  Drone x2  
  84  5:46  Zergling x10  
  90  5:50  Overlord  
  90  5:55  Overseer  
  90  5:57  Centrifical Hooks  
  90  6:06  Zergling x14  
  90  6:09  Drone  
  90  6:10  Overlord  
  98  6:12  Pneumatized Carapace  
  98  6:13  Overseer  
  98  6:15  Drone x6  
  98  6:16  Drone x2  
  106  6:20  Overlord  
  106  6:24  Overlord  
  106  6:31  Drone x2  
  93  6:36  Drone  
  93  6:38  Drone x2  
  96  6:41  Drone x2  
  96  6:42  Zergling x14  
  96  6:46  Drone, Spore Crawler  
  105  6:47  Zergling x2  
  105  6:50  Spore Crawler  
  105  6:51  Drone  
  105  6:52  Drone  
  105  6:53  Extractor  
  106  6:56  Drone  
  106  6:57  Roach Warren  
  106  6:58  Drone, Evolution Chamber  
  106  7:00  Spore Crawler  
  105  7:01  Zerg Missile Weapons Level 1  
  105  7:04  Zerg Melee Weapons Level 1  
  105  7:08  Drone x4  
  108  7:11  Overlord  
  108  7:13  Drone x3  
  111  7:18  Drone x2  
  111  7:19  Drone  
  111  7:20  Drone x2  
  111  7:21  Drone  
  109  7:24  Drone x3  
  109  7:25  Overlord  
  109  7:27  Drone  
  109  7:28  Drone  
  109  7:29  Baneling  
  114  7:33  Extractor  
  114  7:34  Zerg Ground Armor Level 1  
  114  7:35  Drone x3  
  116  7:37  Drone x2  
  116  7:41  Baneling x4, Spore Crawler  
  116  7:42  Glial Reconstitution  
  117  7:49  Drone  
  117  7:50  Drone x6  
  113  7:54  Baneling x6  
  113  7:55  Drone x2  
  115  7:59  Spore Crawler  
  115  8:05  Overlord  
  114  8:07  Drone x2  
  114  8:11  Infestation Pit  
  112  8:14  Drone x4  
  115  8:21  Drone x2  
  115  8:26  Drone x3  
  115  8:27  Drone x2  
  121  8:30  Drone x4  
  121  8:35  Roach x6  
  121  8:40  Roach  
  135  8:43  Hatchery  
  135  8:46  Extractor, Zergling x6, Roach x3  
  142  8:50  Hive  
  142  8:51  Spine Crawler  
  142  8:53  Overlord  
  142  8:55  Zergling x6, Roach x2  
  146  8:58  Overlord  
  146  9:01  Ravager x2  
  146  9:02  Ravager x3  
  153  9:04  Drone x5  
  157  9:10  Ravager  
  157  9:11  Ravager  
  157  9:15  Zergling x6, Roach x2  
  157  9:16  Zergling x2  
  166  9:28  Drone  
  166  9:29  Overlord  
  166  9:30  Zerg Missile Weapons Level 2  
  167  9:34  Hatchery  
  163  9:40  Drone x4  
  163  9:45  Overlord  
  167  9:52  Drone x4  
  166  9:53  Zergling x6, Roach x3  
  166  9:55  Zerg Ground Armor Level 2  
  166  9:56  Zerg Melee Weapons Level 2  
  166  9:59  Baneling x11  
  175  10:01  Drone x2  
  175  10:03  Drone  
  175  10:04  Adrenal Glands, Spine Crawler x2  
  175  10:06  Ravager x2  
  179  10:07  Zergling x2, Spine Crawler, Ravager  
  179  10:08  Zergling x8  
  179  10:10  Zergling x4, Unknown  
  184  10:14  Overlord  
  184  10:19  Zergling x2  
  184  10:20  Zergling x8  
  189  10:29  Spore Crawler  
  189  10:30  Drone  
  189  10:31  Spine Crawler  
  189  10:33  Zergling x8  
  189  10:34  Zergling x10  
  189  10:35  Baneling x14  
  197  10:36  Baneling x3  
  197  10:45  Queen  
  199  10:53  Drone x5  
  199  10:56  Zergling x2  
  199  10:57  Zergling x4  
  197  11:04  Drone x3  
  197  11:06  Spore Crawler  
  197  11:07  Drone, Spine Crawler x2  
  196  11:14  Ravager  
  196  11:15  Ravager  
  198  11:30  Spore Crawler  
  197  11:33  Spine Crawler  
  197  11:34  Drone x3  
  197  11:35  Spine Crawler  
  197  11:37  Roach  
  197  11:39  Burrow  
  199  11:48  Zerg Missile Weapons Level 3  
  199  11:51  Ultralisk Cavern  
  183  12:03  Roach x2  
  183  12:04  Zergling x30, Roach x2  
  183  12:05  Zergling x6  
  183  12:06  Zergling x10  
  197  12:09  Zergling x4  
  199  12:16  Zergling x2  
  200  12:27  Overlord  
  198  12:32  Zergling x8  
  198  12:36  Zergling x20  
  195  12:39  Overlord  
  195  12:43  Chitinous Plating  
  189  12:44  Drone  
  189  12:45  Drone x2  
  189  12:49  Baneling x9  
  177  12:54  Ultralisk x3  
  177  12:56  Zergling x36  
  195  13:00  Viper  
  195  13:05  Zergling x4  
  199  13:12  Zergling x8  
  194  13:13  Zergling x2  
  194  13:17  Zergling x2  
  194  13:18  Zergling x12  
  197  13:20  Zergling x2, Roach x3  
  197  13:22  Zergling x2  
  180  13:28  Viper  
  180  13:32  Baneling x4  
  180  13:33  Drone  
  179  13:34  Ultralisk  
  179  13:35  Zergling x4, Ultralisk x2  
  179  13:37  Zergling x4  
  200  13:42  Zergling x2  
  189  13:51  Zergling x12  
  187  13:57  Zergling x26  
  187  14:01  Zergling x8  
  187  14:02  Anabolic Synthesis  
  192  14:05  Zergling x4, Ultralisk  
  187  14:11  Zergling x2  
  187  14:12  Zergling x2  
  184  14:17  Zergling x4, Ultralisk  
  184  14:18  Zergling x8  
  184  14:22  Baneling x12  
  192  14:30  Drone x3  
  195  14:32  Roach x2  
  195  14:34  Hatchery  
  195  14:37  Zergling x2  
  195  14:38  Zergling x2  
Tags
 
Add a new tag
Caveats
  • Supply blocks, unpowered buildings, or Contaminate may cause inaccurate times.
  • Supply counts are checked every 10 seconds.